 Dungeon Crawl Stone Soup version 0.31.0-9-g3a7656b989 (webtiles) character file.

Game seed: 6798910363554017140

39 qw the Shooter (level 3, 0/18 HPs)
             Began as a Spriggan Hunter on Feb 2, 2024.
             Slain by Ijyb
             ... wielding a +0 club
              (4 damage)
             ... on level 3 of the Dungeon.
             The game lasted 00:00:05 (1552 turns).

qw the Shooter (Spriggan Hunter)                    Turns: 1552, Time: 00:00:05

Health: 0/18       AC:  2    Str: 13    XL:     3   Next: 26%
Magic:  4/4        EV: 19    Int: 10    God:
Gold:   100        SH:  0    Dex: 20    Spells: 2/2 levels left

rFire   + . .        a - +2 shortbow
rCold   . . .        (shield currently unavailable)
rNeg    . . .        c - +0 robe
rPois   .            (helmet restricted)
rElec   .            (no cloak)
rCorr   .            (gloves unavailable)
SInv    +            (boots unavailable)
Will    .....        (no amulet)
Stlth   ++           j - +6 ring of strength
HPRegen 0.23/turn    f - ring of protection from fire
MPRegen 0.09/turn

%: no passive effects
@: very quick
A: very small, no large weapons, unfitting armour, see invisible, speed 3
a: no special abilities


You were on level 3 of the Dungeon.
You visited 1 branch of the dungeon, and saw 3 of its levels.

You collected 100 gold pieces.


Innate Abilities, Weirdness & Mutations

You are very small and have problems with some larger weapons.
You are too small for most types of armour.
You have supernaturally acute eyesight. (SInv)
You cover ground extremely quickly. (Speed+++)


   Skills:
 - Level 1.5 Fighting
 + Level 4.6 Ranged Weapons
 - Level 4.0 Dodging
 - Level 1.5 Stealth


You had 2 spell levels left.
You didn't know any spells.
Your spell library was empty.

Inventory:

Hand Weapons
 a - a +2 shortbow (weapon)
Armour
 c - a +0 robe (worn)
Jewellery
 f - a ring of protection from fire (right hand)
 j - a +6 ring of strength (left hand)
Scrolls
 b - a scroll of identify
 d - 2 scrolls of teleportation
Potions
 h - a potion of haste
 l - a potion of mutation

Dungeon Overview and Level Annotations

Branches:
Dungeon (3/15)

Altars:

Annotations:
D:1 2 runed translucent doors
D:3 Ijyb


Message History

g - a scroll of fear Done exploring.
1528 ||| READING 2 scrolls of identify.
1528 ||| IDENTIFYING 2 scrolls labelled QAIRET ORAXTOO
As you read the scroll of identify, it crumbles to dust.
d - 2 scrolls of teleportation Done exploring.
1529 ||| DROPPING scroll of vulnerability.
You drop a scroll of vulnerability.
Done exploring.
1530 ||| DROPPING scroll of fear.
You drop a scroll of fear.
Done exploring.
What level of the Dungeon? (default 2, ? - help)
There is an open door here.
There is a stone staircase leading down here.
You climb downwards.
Found a scroll labelled LAROGA LYNIQY.
There is a stone staircase leading up here.
Waypoint 2 assigned to D:3.
Ijyb the Twisted Goblin comes into view.
She is wielding a +0 club and carrying a wand of flame.
Found a scroll of vulnerability.
You shoot an arrow. The arrow hits Ijyb but does no damage.
You hear a shout! x2
You shoot an arrow. The arrow closely misses Ijyb.
You shoot an arrow. The arrow hits Ijyb but does no damage.
Ijyb barely misses you.
You shoot an arrow. The arrow barely misses Ijyb.
Ijyb completely misses you.
You shoot an arrow. The arrow hits Ijyb but does no damage.
A shadow imp comes into view.
Ijyb zaps a wand.
The puff of flame hits you. You resist.
You shoot an arrow. The arrow barely misses Ijyb.
Ijyb zaps a wand.
The puff of flame hits you. You resist.
You shoot an arrow. The arrow barely misses Ijyb.
Ijyb zaps a wand.
The puff of flame hits you. You resist.
You shoot an arrow. The arrow closely misses Ijyb.
Ijyb completely misses you.
The shadow imp hits you but does no damage.
The shadow imp hits you. Ijyb hits you with a +0 club.
You die...

........
....... #.....
#.... #... #
#?.
#..#.##g#####.#
......5@.......
##....#<#####..
.?... #.# .###
..# ...# ##...
.... ....
.##...


You could see Ijyb and a shadow imp.

Vanquished Creatures
  An adder (D:2)
  A ribbon worm (D:2)
  An endoplasm (D:2)
  A giant cockroach (D:1)
  6 goblins
  7 hobgoblins
  A quokka (D:1)
  2 ball pythons
  3 kobolds
  2 rats
25 creatures vanquished.

Notes
Turn   | Place    | Note
-------+----------+-------------------------------------------
     0 | D:1      | qw the Spriggan Hunter began the quest for the Orb.
     0 | D:1      | Reached XP level 1. HP: 10/10 MP: 2/2
     0 | D:1      | 0 ||| qw: Version: 0.3-a-155-g5e7d8dd
     0 | D:1      | 0 ||| qw: Game counter: 746
     0 | D:1      | 0 ||| qw: Melee chars always use a shield: true
     0 | D:1      | 0 ||| qw: God list: Okawaru
     0 | D:1      | 0 ||| qw: Allow faded altars: false
     0 | D:1      | 0 ||| qw: Do Orc after clearing Dungeon:15 true
     0 | D:1      | 0 ||| qw: Do second Lair branch before Depths: true
     0 | D:1      | 0 ||| qw: Lair rune preference: random
     0 | D:1      | 0 ||| qw: Goals: Normal
     0 | D:1      | 0 ||| PLANNING D:1-11
    30 | D:1      | Reached skill level 3 in Dodging
    53 | D:1      | Found a large runed translucent door.
    53 | D:1      | Found a large runed translucent door.
   113 | D:1      | Reached XP level 2. HP: 14/14 MP: 3/3
   979 | D:1      | 979 ||| UPGRADING to +6 ring of strength.
   980 | D:1      | 980 ||| READING 2 scrolls labelled ZERAYPSOULY.
   981 | D:1      | 981 ||| READING 2 scrolls labelled TUZYOLLEIT.
   981 | D:1      | 981 ||| IDENTIFYING glowing purple potion
   982 | D:1      | 982 ||| READING scroll of identify.
   982 | D:1      | 982 ||| IDENTIFYING yellow potion
   983 | D:1      | 983 ||| READING scroll labelled VITRER NEOS.
   983 | D:1      | 983 ||| ENCHANTING +0 shortbow.
   984 | D:1      | 984 ||| READING 3 scrolls labelled POMECZIFUWK.
   985 | D:1      | 985 ||| READING scroll labelled LUDWAR RUFFEUT.
   985 | D:1      | 985 ||| ENCHANTING +1 shortbow.
   986 | D:1      | 986 ||| READING scroll labelled PEYBLO GYOCZA.
   987 | D:1      | 987 ||| DROPPING scroll of butterflies.
   988 | D:1      | 988 ||| DROPPING scroll of noise.
   989 | D:1      | 989 ||| DROPPING 2 scrolls of revelation.
  1129 | D:2      | 1129 ||| READING scroll of enchant weapon.
  1129 | D:2      | 1129 ||| ENCHANTING +1 shortbow.
  1242 | D:2      | Reached XP level 3. HP: 18/18 MP: 4/4
  1525 | D:2      | 1525 ||| UPGRADING to ring of protection from fire.
  1526 | D:2      | 1526 ||| READING 4 scrolls of identify.
  1526 | D:2      | 1526 ||| IDENTIFYING scroll labelled VOMNIM KUAXI
  1527 | D:2      | 1527 ||| READING 3 scrolls of identify.
  1527 | D:2      | 1527 ||| IDENTIFYING scroll labelled BUAT BIDAGIW
  1528 | D:2      | 1528 ||| READING 2 scrolls of identify.
  1528 | D:2      | 1528 ||| IDENTIFYING 2 scrolls labelled QAIRET ORAXTOO
  1529 | D:2      | 1529 ||| DROPPING scroll of vulnerability.
  1530 | D:2      | 1530 ||| DROPPING scroll of fear.
  1544 | D:3      | Noticed Ijyb
  1552 | D:3      | HP: 4/18 [shadow imp (3)]
  1552 | D:3      | Slain by Ijyb

Levels and vault maps discovered:
D:1:      erik_arrival_cave_to_civilisation [erik_arrival_cave_to_temple],
          layout_basic, hex_intersection
D:2:      layout_basic, minmay_tetromino_t4
D:3:      layout_rooms, serial_glass, glass_columns_b, glass_columns_b,
          uniq_ijyb

Skill      XL: |  1  2 |
---------------+-------+-----
Dodging        | 3 4 |  4.0
Fighting       | |  1.5
Ranged Weapons | |  4.6
Stealth        | |  1.5

Action                     || total
---------------------------++-------
   Fire: Shortbow          ||    77
    Use: Scroll            ||    11
 Armour: Robe              ||     7
  Dodge: Dodged            ||    22

Table legend:
 A = Non-vault XP
 B = Vault XP
 C = Vault XP percentage of total XP
 D = Non-vault monster count
 E = Vault monster count
 F = Vault count percentage of total count
                 A         B        C        D         E       F
            +---------+---------+-------+---------+---------+-------
      Total |      51 |       5 |   8.9 |      22 |       3 |  12.0
            +---------+---------+-------+---------+---------+-------
        D:1 |      19 |       3 |  13.6 |      11 |       2 |  15.4
        D:2 |      32 |       2 |   5.9 |      11 |       1 |   8.3
            +---------+---------+-------+---------+---------+-------
